 Dungeon Crawl Stone Soup version 0.28-a0-1117-g0bdd5ba030 (webtiles) character file.

Game seed: 18444495729274687388

95 pokeman the Magician (level 4, -4/25 HPs)
             Began as a Deep Elf Hedge Wizard on Dec 11, 2021.
             Slain by a gnoll (8 damage)
             ... on level 2 of the Dungeon.
             The game lasted 00:05:18 (2562 turns).

pokeman the Magician (Deep Elf Hedge Wizard)        Turns: 2562, Time: 00:05:20

Health: -4/25      AC:  3    Str:  7    XL:     4   Next: 39%
Magic:  11/13      EV: 12    Int: 21    God:
Gold:   118        SH:  0    Dex: 14    Spells: 3/14 levels left

rFire   . . .      SeeInvis .   h - +0 war axe
rCold   . . .      Faith    .   (no shield)
rNeg    . . .      Spirit   .   b - +0 robe
rPois   .          Reflect  .   e - +0 helmet
rElec   .          Harm     .   (no cloak)
rCorr   .          Rampage  .   (no gloves)
Will    +....                   (no boots)
Stlth   ++........              (no amulet)
HPRegen 0.08/turn               g - ring of willpower
MPRegen 0.13/turn               (no ring)

@: very slightly contaminated
A: no striking features
a: no special abilities


You were on level 2 of the Dungeon.
You visited 1 branch of the dungeon, and saw 2 of its levels.

You collected 118 gold pieces.

Inventory:

Hand Weapons
 h - a +0 war axe (weapon)
Missiles
 a - 24 bolts
 c - 22 arrows
Armour
 b - a +0 robe (worn)
 e - a +0 helmet (worn)
Jewellery
 g - a ring of willpower (left hand)
Potions
 d - a potion of heal wounds {unknown}
 f - a potion of magic {unknown}
 i - a potion of resistance {unknown}


   Skills:
 - Level 1.0 Fighting
 - Level 1.0 Armour
 + Level 2.7 Dodging
 - Level 2.4 Stealth
 * Level 5.7 Spellcasting
 + Level 2.2 Conjurations
 - Level 1.1 Summonings
 - Level 1.1 Translocations
 + Level 0.7 Fire Magic


You had 3 spell levels left.
You knew the following spells:

 Your Spells              Type           Power      Damage    Failure   Level
a - Magic Dart            Conj           60%        1d6       4%          1
b - Mephitic Cloud        Conj/Pois/Air  9%         N/A       22%         3
c - Call Imp              Summ           10%        N/A       10%         2
d - Blink                 Tloc           20%        N/A       10%         2
e - Conjure Flame         Conj/Fire      12%        6-21      16%         3

Your spell library contained the following spells:

 Spells                   Type           Power      Damage    Failure   Level
 Slow                     Hex            24%        N/A       10%         1


Dungeon Overview and Level Annotations

Branches:
Dungeon (2/15)

Altars:


Message History

The worm is severely wounded.
The worm closely misses you.
You barely miss the worm.
The worm is severely wounded.
You slash the worm!
You kill the worm!
A kobold comes into view. It is wielding a +0 whip.
You see here a worm corpse.
The hobgoblin barely misses you.
You hit the hobgoblin.
The hobgoblin is severely wounded.
The hobgoblin hits you but does no damage.
You barely miss the hobgoblin.
The hobgoblin is severely wounded.
You barely miss the kobold. The hobgoblin hits you.
The kobold hits you but does no damage. The hobgoblin hits you.
A goblin comes into view.
It is wielding a +0 dagger and quivering poisoned darts.
The kobold barely misses you.
You see here a worm corpse.
You hit the kobold but do no damage. You barely miss the hobgoblin.
The kobold hits you with a +0 whip.
A worm comes into view.
The hobgoblin hits you. The kobold barely misses you.
You closely miss the hobgoblin.
The hobgoblin is heavily wounded.
You hit the kobold but do no damage. The hobgoblin barely misses you.
The kobold hits you with a +0 whip. The hobgoblin closely misses you.
You closely miss the hobgoblin.
The hobgoblin is heavily wounded.
You barely miss the kobold. The kobold barely misses you.
The hobgoblin hits you. The kobold hits you with a +0 whip.
* * * LOW HITPOINT WARNING * * *
The gnoll shouts!
Casting: Mephitic Cloud (extremely dangerous; 22% risk of failure)
Confirm with . or Enter, or press ? or * to list all spells.
You miscast Blink.
You are very lightly contaminated with residual magic.
Nothing appears to happen.
The gnoll hits you with a +0 vorpal flail!
You die...

....####.#.....####
......g)....##....#
###..###.......[..# ...
###..###.......#..# #.#
.............#.#..# #..
##.#..##...#.#.#..###.#
#.##.##............#.#
#.##..#...w..(###..#.#
#...........<.g@g..#.###
#.......#.#.#K####...<.#
#.#.##....#.#.†..#.#)#.#
#.#g....#.#.#g.#.#.#.#.#
#......##.#......#...#.#
#.......................
##.###†##.#........#....
#. #.w#.#.........!..##
.. ###)#.#####.....#.##


You could see a worm, a gnoll, a hobgoblin and a kobold.

Vanquished Creatures
  An adder (D:2)
  3 gnolls (D:2)
  A worm (D:2)
  2 ball pythons (D:1)
  5 endoplasms (D:1)
  2 giant cockroaches (D:1)
  2 goblins (D:1)
  7 hobgoblins
  3 jackals (D:2)
  9 kobolds
  2 quokkas
  5 bats (D:1)
  8 frilled lizards
  4 rats (D:1)
54 creatures vanquished.

Vanquished Creatures (others)
  8 plants (D:1)
8 creatures vanquished.

Grand Total: 62 creatures vanquished

Notes
Turn   | Place    | Note
-------+----------+-------------------------------------------
     0 | D:1      | pokeman the Deep Elf Hedge Wizard began the quest for the
                  | Orb.
     0 | D:1      | Reached XP level 1. HP: 10/10 MP: 7/7
   442 | D:1      | Reached XP level 2. HP: 16/16 MP: 7/9
  1064 | D:1      | Reached skill level 5 in Spellcasting
  1194 | D:1      | Reached XP level 3. HP: 20/20 MP: 8/11
  1198 | D:1      | Learned a level 3 spell: Mephitic Cloud
  1201 | D:1      | Learned a level 2 spell: Call Imp
  1204 | D:1      | Learned a level 2 spell: Blink
  1208 | D:1      | Learned a level 3 spell: Conjure Flame
  2099 | D:2      | Reached skill level 1 in Fighting
  2099 | D:2      | Reached skill level 1 in Armour
  2275 | D:2      | Reached XP level 4. HP: 25/25 MP: 3/13
  2562 | D:2      | Slain by a gnoll

Illustrated notes

Levels and vault maps discovered:
D:1:      dpeg_arrival_radiant, layout_basic, dk_noncrumbling_4,
          lexackson_kobold_supper
D:2:      layout_basic, hellmonk_ecumenical_altar_prayer_group,
          nicolae_figureground_pulse

Skill      XL: |  1  2  3 |
---------------+----------+-----
Spellcasting   | 5 |  5.7
Fighting       | 1 |  1.0
Armour         | 1 |  1.0
Conjurations   | 2 |  2.2
Dodging        | |  2.7
Stealth        | |  2.4
Summonings     | |  1.1
Translocations | |  1.1
Fire Magic     | |  0.7

Action                   |  1- 3 |  4- 6 || total
-------------------------+-------+-------++-------
Melee: Dagger            |     7 |       ||     7
       War axe           |     2 |    20 ||    22
 Cast: Magic Dart        |    99 |     1 ||   100
       Mephitic Cloud    |     2 |     2 ||     4
       Conjure Flame     |     1 |       ||     1
       Blink             |       |     1 ||     1
Armor: Robe              |     3 |     2 ||     5
Dodge: Dodged            |     8 |    11 ||    19

Table legend: (Time is in decaauts)
 A = Elapsed time spent in this place.
 B = Non-inter-level travel time spent in this place.
 C = Inter-level travel time spent in this place.
 D = Time resting spent in this place.
 E = Time spent auto-exploring this place.
 F = Levels seen in this place.
 G = Mean time per level.
                   A        B        C        D        E       F      G
               +--------+--------+--------+--------+--------+-----+--------+
         Total |   2572 |   2496 |     76 |    199 |   1957 |   2 | 1286.0 |
       Dungeon |   2572 |   2496 |     76 |    199 |   1957 |   2 | 1286.0 |
               +--------+--------+--------+--------+--------+-----+--------+

Top non-repeatable levels by time:
     D:1: 2246 daAuts
     D:2: 326 daAuts
